 Dungeon Crawl Stone Soup version 0.29-a0-541-gaf1fc19f1b (webtiles) character file.

Game seed: 2755833914487222267

602 Flugkiller the Fighter (level 8, 0/74 HPs)
             Began as a Meteoran Chaos Knight on June 2, 2022.
             Was a Plaything of Xom.
             Killed from afar by a white imp (10 damage)
             ... with a puff of frost
             ... on level 7 of the Dungeon.
             The game lasted 00:05:01 (1131 turns).

Flugkiller the Fighter (Meteoran Chaos Knight)      Turns: 1131, Time: 00:05:01

Health: 0/74       AC:  6    Str: 16    XL:     8   Next: 1%
Magic:  9/9        EV: 12    Int: 13    God:    Xom [......]
Gold:   159        SH:  0    Dex: 22    Spells: 7/7 levels left

rFire   . . .      SeeInvis .   u - +4 quarterstaff (chaos)
rCold   . . .      Faith    .   (shield currently unavailable)
rNeg    . . .      Spirit   .   y - +2 leather armour {Will+}
rPois   .          Reflect  .   (no helmet)
rElec   .          Harm     .   v - +0 cloak
rCorr   .          Rampage  .   (no gloves)
Will    ++...      Clarity  +   (no boots)
Stlth   +.........              (no amulet)
HPRegen 0.22/turn               A - +6 ring of dexterity
MPRegen 0.11/turn               (no ring)

@: lethally poisoned (0 -> -11), attractive, hasted, glowing, very quick
A: sense surroundings 1, otherworldly, glowing, explore regen, talons 1, agile
1, clarity
a: Renounce Religion


You were on level 7 of the Dungeon.
You worshipped Xom.
You were a very special plaything of Xom.
You visited 1 branch of the dungeon, and saw 5 of its levels.

You collected 159 gold pieces.

Inventory:

Hand Weapons
 a - a +0 hand axe of chaos
 l - a +0 trident
   (You found it on level 2 of the Dungeon)
 u - a +4 quarterstaff of chaos (weapon)
   (You took it off Crazy Yiuf on level 2 of the Dungeon)
Missiles
 j - 6 boomerangs
Armour
 b - a +2 leather armour
 d - a +0 chain mail
   (You found it on level 2 of the Dungeon)
 v - a +0 cloak (worn)
   (You took it off Crazy Yiuf on level 2 of the Dungeon)
 y - a +2 leather armour of willpower (worn)
   (You took it off an orc on level 3 of the Dungeon)
Magical Staves
 B - a staff of earth
   (You found it on level 3 of the Dungeon)
Jewellery
 k - a ring of flight
   (You found it on level 2 of the Dungeon)
 A - a +6 ring of dexterity (left hand)
   (You found it on level 3 of the Dungeon)
Scrolls
 e - a scroll of enchant weapon {unknown}
 f - 4 scrolls of identify {unknown}
 n - a scroll of immolation {unknown}
 o - a scroll of torment {unknown}
 p - 4 scrolls of vulnerability {unknown}
 q - a scroll of teleportation {unknown}
 s - 2 scrolls of poison {unknown}
 x - 2 scrolls of amnesia {unknown}
 z - a scroll of silence {unknown}
Potions
 g - a potion of cancellation
 h - a potion of haste
 t - a potion of flight {unknown}
Miscellaneous
 c - a piece from Xom's chessboard (14/15) (quivered)


   Skills:
 - Level 8.0 Fighting
 - Level 3.6 Axes
 + Level 4.6 Staves
 - Level 2.4 Armour
 - Level 1.2 Dodging


You had 7 spell levels left.
You didn't know any spells.
Your spell library contained the following spells:

 Spells                   Type           Power      Damage    Failure   Level
 Tukima's Dance           Hex            0%         N/A       73%         3
 Passage of Golubria      Tloc           0%         N/A       98%         4
 Yara's Violent Unravell  Hex/Tmut       0%         3d3       100%        5


Dungeon Overview and Level Annotations

Branches:
Dungeon (4/15)
 Temple: D:4-7

Altars:
Ashenzari
Dithmenos


Innate Abilities, Weirdness & Mutations

You passively map a small area around you.
You are easily found by Zot.
You glow in the dark.
You regain HP and MP as you explore.
You have sharp toenails.
You are agile. (Dex +2)
You possess an exceptional clarity of mind.


Message History

Found a book of Touch.
A gnoll comes into view. It is wielding a +0 whip.
The gnoll shouts!
You hear a shout! x2
A white imp comes into view.
A gnoll shaman comes into view. It is wielding a +0 club.
The white imp gestures at you. The puff of frost hits you!
The gnoll shaman shouts!
You hear an angry hiss.
The gnoll barely misses you.
You hit the gnoll. You freeze the gnoll.
The gnoll is moderately wounded.
The gnoll splashes around in the water.
You hit the gnoll.
The gnoll is severely wounded.
A water moccasin comes into view.
An ice beast comes into view.
The gnoll hits you with a +0 whip.
* * * LOW HITPOINT WARNING * * *
You hit the gnoll. You burn the gnoll.
The gnoll is almost dead.
The gnoll hits you but does no damage.
You sock the gnoll! You burn the gnoll.
You kill the gnoll!
You have reached level 8!
You barely miss the water moccasin. The water moccasin bites you.
* * * LOW HITPOINT WARNING * * *
The water moccasin bites you!
* * * LOW HITPOINT WARNING * * *
You hit the water moccasin.
The water moccasin is lightly wounded.
The water moccasin bites you.
* * * LOW HITPOINT WARNING * * *
It was a potion of heal wounds.
You feel much better.
w - a potion of heal wounds;
d - a +0 chain mail The water moccasin misses you.
The water moccasin bites you.
* * * LOW HITPOINT WARNING * * *
You are poisoned.
The water moccasin poisons you!
It was a potion of cancellation.
You feel magically purged.
You feel very sick.
The water moccasin bites you but does no damage.
Okay, then.
You closely miss the water moccasin.
The water moccasin is lightly wounded.
You feel very sick. The water moccasin barely misses you.
The water moccasin bites you but does no damage.
You miss the water moccasin.
The water moccasin is lightly wounded.
You feel sick. The water moccasin bites you!
* * * LOW HITPOINT WARNING * * *
It was a potion of haste.
You feel yourself speed up.
Xom thinks this is hilarious!
h - a potion of haste;
r - a bubbling brown potion You feel sick.
The water moccasin completely misses you.
The water moccasin bites you but does no damage.
You feel much better.
You feel sick. The water moccasin misses you.
It was a potion of attraction.
You feel attractive to monsters.
You feel sick.
The water moccasin completely misses you.
You miss the water moccasin.
The water moccasin is lightly wounded.
You feel sick. The water moccasin closely misses you.
You closely miss the water moccasin.
The water moccasin is lightly wounded.
The water moccasin bites you.
You barely miss the water moccasin.
The water moccasin is lightly wounded.
You feel sick. The water moccasin bites you.
* * * LOW HITPOINT WARNING * * *
You are more poisoned.
The water moccasin poisons you!
You miss the water moccasin.
The water moccasin is lightly wounded.
You feel sick. The water moccasin bites you.
* * * LOW HITPOINT WARNING * * *
It was a potion of mutation.
You feel extremely strange.
You regain control of your magic.
You feel frail.
Your toenails lengthen and sharpen.
You feel sick. The water moccasin bites you.
* * * LOW HITPOINT WARNING * * *
You are lethally poisoned!
The water moccasin poisons you! The white imp gestures at you.
The puff of frost hits you.
* * * LOW HITPOINT WARNING * * *
It was a potion of curing.
You feel better. The water moccasin bites you.
* * * LOW HITPOINT WARNING * * *
You are lethally poisoned!
The water moccasin poisons you!
Okay, then.
You barely miss the water moccasin. Your kick misses the water moccasin.
The water moccasin is lightly wounded.
* * * LOW HITPOINT WARNING * * *
You feel sick. The white imp gestures at you. The puff of frost hits you!
You die...
Xom thinks this is hilarious!

+ ,
♣≈≈≈≈≈≈:.≈≈♣
* *
≈≈≈≈≈....≈♣ *
♣Y≈≈≈≈g..≈.,
≈≈≈≈≈...*, ,
* ♣≈≈≈≈. *
#♣≈≈≈♣ * *
#≈≈≈≈♣ *
##Yg♣###+###
#.♣S@.....# ,
+#..5......#
* ,
#.........# ,
**#.........#
#.........# *
#.###.....# ,
,* ##.
#.###.## #..
#.# #..#
#.####'####.#


You could see a water moccasin, an ice beast, a gnoll shaman and a white imp.

Vanquished Creatures
  A black bear (D:2)
  An ogre (D:4)
  A bullfrog (D:7)
  2 gnoll sergeants (D:7)
  2 orc priests (D:3)
  Crazy Yiuf (D:2)
  An iguana (D:7)
  An orc wizard (D:3)
  6 gnolls (D:7)
  2 adders
  A worm (D:2)
  4 dart slugs
  12 orcs
  5 ball pythons
  An endoplasm (D:2)
  A giant cockroach (D:1)
  3 goblins
  3 hobgoblins (D:3)
  4 jackals (D:4)
  4 kobolds
  2 quokkas
  5 bats
  A frilled lizard (D:1)
  4 rats
68 creatures vanquished.

Vanquished Creatures (collateral kills)
  A frilled lizard (D:1)
1 creature vanquished.

Vanquished Creatures (others)
  13 plants
13 creatures vanquished.

Grand Total: 82 creatures vanquished

Notes
Turn   | Place    | Note
-------+----------+-------------------------------------------
     0 | D:1      | Flugkiller the Meteoran Chaos Knight began the quest for
                  | the Orb.
     0 | D:1      | Reached XP level 1. HP: 19/19 MP: 2/2
    31 | D:1      | Reached XP level 2. HP: 25/27 MP: 3/3
   118 | D:2      | Reached skill level 4 in Fighting
   118 | D:2      | Reached XP level 3. HP: 26/33 MP: 4/4
   192 | D:2      | XOM: silly message
   363 | D:2      | XOM: divination: magic mapping
   369 | D:2      | Reached XP level 4. HP: 35/41 MP: 5/5
   421 | D:2      | Found a runed translucent door.
   422 | D:2      | Noticed Crazy Yiuf
   427 | D:2      | XOM: potion effect (curing)
   439 | D:2      | Killed Crazy Yiuf
   440 | D:2      | Reached skill level 5 in Fighting
   485 | D:2      | Found a shadowy altar of Dithmenos.
   510 | D:2      | Noticed a black bear
   519 | D:2      | Killed a black bear
   520 | D:2      | Reached skill level 6 in Fighting
   520 | D:2      | Reached XP level 5. HP: 41/51 MP: 6/6
   520 | D:2      | Reached XP level 6. HP: 46/58 MP: 7/7
   692 | D:3      | Reached skill level 7 in Fighting
   736 | D:3      | Found a broken altar of Ashenzari.
   830 | D:2      | XOM is BORED!
   830 | D:2      | XOM: silly message
   906 | D:3      | Reached skill level 1 in Staves
   942 | D:4      | Noticed an ogre
   944 | D:4      | XOM: potion effect (brilliance)
   947 | D:4      | XOM: potion effect (berserk rage)
   949 | D:4      | XOM: noise
   952 | D:4      | XOM: enchant monster (good)
   953 | D:4      | XOM: butterfly on damage
   954 | D:4      | Killed an ogre
   955 | D:4      | Reached XP level 7. HP: 47/67 MP: 8/8
  1002 | D:4      | You fall into a shaft and drop 3 floors!
  1034 | D:7      | XOM: fog
  1049 | D:7      | Reached skill level 8 in Fighting
  1051 | D:7      | XOM: confuse monster(s)
  1080 | D:7      | XOM: give mutations
  1080 | D:7      | Gained mutation: You are agile. (Dex +2) [Xom's grace]
  1080 | D:7      | Gained mutation: You possess an exceptional clarity of
                  | mind. [Xom's grace]
  1080 | D:7      | Gained mutation: You are robust. (+10% HP) [Xom's grace]
  1080 | D:7      | Gained mutation: Your spells are a little harder to cast,
                  | but a little more powerful. [Xom's grace]
  1112 | D:7      | Noticed a water moccasin
  1116 | D:7      | Reached XP level 8. HP: 24/81 MP: 9/9
  1129 | D:7      | Lost mutation: Your spells are a little harder to cast, but
                  | a little more powerful. [potion of mutation]
  1129 | D:7      | Lost mutation: You are robust. (+10% HP) [potion of
                  | mutation]
  1129 | D:7      | Gained mutation: You have sharp toenails. [potion of
                  | mutation]
  1131 | D:7      | Killed from afar by a white imp

Illustrated notes

Levels and vault maps discovered:
D:1:      sevenhm_arrival_forest_fort_small_3, layout_basic,
          basic_ecumenical_altar
D:2:      layout_rooms, basic_altar, minmay_misc_feat_iff, uniq_natasha,
          uniq_crazy_yiuf_cottage
D:3:      layout_loops_ring, lemuel_coloured_pillars_altar
D:4:      kennysheep_six_static_rooms, layout_rooms, serial_bayou_lagoon_a
D:7:      kennysheep_housing_project, layout_basic, serial_bayou_ford_a,
          minmay_fountain_box, dreamdust_mushroom_princess

Skill      XL: |  1  2  3  4  5  6  7 |
---------------+----------------------+-----
Fighting       | 4 6 7 8 |  8.0
Staves         | 2 4 |  4.6
Axes           | |  3.6
Armour         | |  2.4
Dodging        | |  1.2

Action                   |  1- 3 |  4- 6 |  7- 9 || total
-------------------------+-------+-------+-------++-------
Melee: Hand axe          |    22 |       |       ||    22
       Trident           |    48 |    10 |       ||    58
       Punch             |     1 |       |       ||     1
       Quarterstaff      |       |    74 |    45 ||   119
Evoke: Piece from Xom's  |       |     1 |     1 ||     2
  Use: Potion            |       |       |     7 ||     7
 Stab: Petrified         |       |     8 |       ||     8
       Paralysed         |       |     3 |     1 ||     4
       Distracted        |       |     1 |       ||     1
       Confused          |       |       |     2 ||     2
Armor: Leather armour    |    46 |    46 |    14 ||   106
Dodge: Dodged            |    39 |    50 |    32 ||   121

Table legend: (Time is in decaauts)
 A = Elapsed time spent in this place.
 B = Non-inter-level travel time spent in this place.
 C = Inter-level travel time spent in this place.
 D = Time resting spent in this place.
 E = Time spent auto-exploring this place.
 F = Levels seen in this place.
 G = Mean time per level.
                   A        B        C        D        E       F      G
               +--------+--------+--------+--------+--------+-----+--------+
         Total |   1177 |   1086 |     91 |      0 |      0 |   5 |  235.4 |
       Dungeon |   1177 |   1086 |     91 |      0 |      0 |   5 |  235.4 |
               +--------+--------+--------+--------+--------+-----+--------+

Top non-repeatable levels by time:
     D:2: 444 daAuts
     D:3: 327 daAuts
     D:1: 201 daAuts
     D:7: 132 daAuts
     D:4: 71 daAuts
